 Dungeon Crawl Stone Soup version 0.22-a0-443-g17c3723 (webtiles) character file.

8612 Firecrotchwizard the Severer (level 11, -5/102 HPs)
             Began as a Minotaur Gladiator on May 31, 2018.
             Was an Elder of Makhleb.
             Slain by a freezing wraith (12 damage)
             ... on level 10 of the Dungeon.
             The game lasted 00:19:00 (10265 turns).

Firecrotchwizard the Severer (Minotaur Gladiator)  Turns: 10265, Time: 00:19:01

Health: -5/102     AC: 13    Str: 21    XL:     11   Next: 12%
Magic:  0/14       EV: 16    Int:  5    God:    Makhleb [****..]
Gold:   609        SH:  0    Dex: 13    Spells: 10/10 levels left

rFire    . . .     SeeInvis .   a - +1 war axe
rCold    . . .     Gourm    .   (no shield)
rNeg     . . .     Faith    .   g - +0 plate armour
rPois    .         Spirit   +   c - +2 hat
rElec    .         Reflect  .   i - +0 cloak
rCorr    .         Harm     .   (no gloves)
MR       .....                  (no boots)
Stlth    ..........             J - amulet of guardian spirit {Spirit}
HPRegen  0.27/turn              j - +6 ring of evasion
MPRegen  0.14/turn              r - +3 ring of evasion

@: lethally poisoned (-5 -> -19)
A: retaliatory headbutt, horns 2
a: Minor Destruction, Lesser Servant of Makhleb, Major Destruction, Renounce
Religion


You were on level 10 of the Dungeon.
You worshipped Makhleb.
Makhleb was greatly pleased with you.
You were not hungry.

You visited 2 branches of the dungeon, and saw 11 of its levels.
You also visited: Sewer.

You collected 609 gold pieces.

Inventory:

Hand Weapons
 a - a +1 war axe (weapon)
Missiles
 d - 3 throwing nets {=f, !d}
Armour
 c - a +2 hat (worn)
 g - a +0 plate armour (worn)
   (You took it off an orc warrior on level 5 of the Dungeon)
 i - a +0 cloak (worn)
   (You found it on level 1 of the Dungeon)
 F - a scarf of resistance
   (You found it on level 9 of the Dungeon)
Jewellery
 j - a +6 ring of evasion (left hand)
   (You found it on level 9 of the Dungeon)
 q - an uncursed ring of stealth {Stlth+}
   (You found it on level 2 of the Dungeon)
 r - a +3 ring of evasion (right hand)
   (You found it on level 2 of the Dungeon)
 t - an uncursed ring of see invisible {sInv, !d}
   (You took it off an orc on level 2 of the Dungeon)
 C - an uncursed ring of ice {rC+, rF-}
   (You found it on level 5 of the Dungeon)
 J - an amulet of guardian spirit (around neck) {Spirit}
   (You found it on level 8 of the Dungeon)
 M - an uncursed ring of positive energy {rN+}
   (You found it on level 8 of the Dungeon)
Wands
 w - a wand of digging (12)
   (You took it off Ijyb on level 4 of the Dungeon)
 D - a wand of polymorph (10)
   (You found it on level 6 of the Dungeon)
 H - a wand of disintegration (10) {@e1}
   (You found it on level 6 of the Dungeon)
Scrolls
 h - 2 scrolls of noise {!r}
 k - 5 scrolls of teleportation
 o - 2 scrolls of amnesia
 p - 3 scrolls of remove curse
 s - 7 scrolls of identify
 x - a scroll of fog
 y - a scroll of immolation {!r}
 z - a scroll of enchant weapon
 A - 2 scrolls of fear
Potions
 b - 2 potions of haste {unknown}
 e - 2 potions of curing
 l - a potion of might {unknown}
 m - 5 potions of flight
 n - 3 potions of ambrosia {unknown}
 u - 3 potions of brilliance
 v - 2 potions of lignification {unknown}
 B - 4 potions of heal wounds
 E - a potion of berserk rage {unknown}
 G - 2 potions of degeneration {unknown}
 I - a potion of agility {unknown}
 K - a potion of resistance {unknown}
Comestibles
 f - 19 rations {@e1}
 N - 26 chunks of flesh {@w0}


   Skills:
 + Level 11.2 Fighting
 * Level 15.1 Axes
 - Level 2.0 Throwing
 - Level 3.2 Dodging
 + Level 6.4 Invocations


You had 10 spell levels left.
You didn't know any spells.
Your spell library contained the following spells:

 Spells                   Type           Power        Failure   Level  Hunger
 Regeneration             Chrm/Necr      #.........   100%        3    ####...
 Spider Form              Tmut/Pois      #.........   100%        3    ####...
 Blade Hands              Tmut           #.........   100%        5    ######.
 Ice Form                 Ice/Tmut       #.......     100%        4    #####..
 Ignite Poison            Fire/Tmut/Pois #.......     100%        3    ####...
 Sticks to Snakes         Tmut           #.......     100%        2    ###....
 Excruciating Wounds      Chrm/Necr      #.........   100%        5    ######.
 Beastly Appendage        Tmut           #.....       100%        1    ##.....


Dungeon Overview and Level Annotations

Branches:
Dungeon (10/15)            Temple (1/1) D:4
   Lair: D:8-11         Orc: D:9-12

Altars:
Ashenzari
Cheibriados
Dithmenos
Fedhas
Gozag
Hepliaklqana
Kikubaaqudgha
Makhleb
Nemelex Xobeh
Okawaru
Qazlal
Ru
Sif Muna
Trog
Vehumet
Wu Jian
Xom
Yredelemnul
Zin

Annotations:
D:2 1 runed door
D:4 Sigmund
D:5 4 runed doors


Innate Abilities, Weirdness & Mutations

You reflexively headbutt those who attack you in melee.
You have a pair of horns on your head.


Message History

You feel very sick.
Your hellwing barely misses the green ugly thing.
Your hellwing hits the green ugly thing.
The green ugly thing closely misses you.
You take 3 damage, and have 66/102 hp.
You hit the green ugly thing.
You feel very sick.
Your orange demon closely misses the green ugly thing.
Your hellwing hits the green ugly thing!
Your hellwing hits the green ugly thing but does no damage.
The green ugly thing claws your hellwing but does no damage.
You take 3 damage, and have 63/102 hp.
You slash the green ugly thing!
You feel very sick.
Your orange demon stings the green ugly thing from afar.
You take 3 damage, and have 60/102 hp.
You slash the green ugly thing!
You kill the green ugly thing!
Makhleb accepts your kill.
You feel better.
You feel very sick. The freezing wraith hits your hellwing!
The freezing wraith freezes your hellwing!
The freezing wraith hits your hellwing but does no damage.
Your hellwing misses the freezing wraith.
Your hellwing completely misses the freezing wraith.
You regained 11 hp, and now have 71/102 hp.
You feel very sick.
The freezing wraith hits your hellwing but does no damage.
The freezing wraith hits your hellwing!
Your hellwing closely misses the freezing wraith. x2
You see here an ugly thing corpse.
You take 2 damage, and have 69/102 hp.
You swap places.
You feel very sick.
The freezing wraith barely misses you. x2
You take 3 damage, and have 66/102 hp.
You slash the freezing wraith!
You feel sick. The freezing wraith barely misses you.
The freezing wraith hits you but does no damage.
You take 2 damage, and have 64/102 hp.
MP restored: 14 Your plate armour prevents you from hitting the freezing wraith.
Your headbutt misses the freezing wraith.
You feel sick. The freezing wraith hits you. The freezing wraith freezes you!
The freezing wraith closely misses you.
You take 18 damage, and have 46/102 hp.
You now have 11/14 mp.
You feel very sick.
Your orange demon stings the freezing wraith but does no damage.
The freezing wraith hits you but does no damage.
The freezing wraith completely misses you.
You take 2 damage, and have 44/102 hp.
You barely miss the freezing wraith.
Your headbutt misses the freezing wraith.
You feel sick.
Your orange demon stings the freezing wraith but does no damage.
The freezing wraith hits you but does no damage.
The freezing wraith completely misses you.
You take 2 damage, and have 42/102 hp.
You closely miss the freezing wraith.
You feel sick.
You take 1 damage, and have 41/102 hp.
You hit the freezing wraith.
You feel sick.
Your orange demon stings the freezing wraith but does no damage.
The freezing wraith hits you! The freezing wraith freezes you!
* * * LOW HITPOINT WARNING * * *
The freezing wraith closely misses you.
You take 21 damage, and have 20/102 hp.
MASSIVE DAMAGE!!
You now have 6/14 mp.
You hit the freezing wraith.
* * * LOW HITPOINT WARNING * * *
You feel sick.
Your orange demon stings the freezing wraith from afar!
You take 1 damage, and have 19/102 hp.
You closely miss the orc.
You kill the orc!
Makhleb accepts your kill.
You feel better.
You closely miss the freezing wraith.
* * * LOW HITPOINT WARNING * * *
You feel sick.
Your orange demon stings the freezing wraith.
Your orange demon closely misses the freezing wraith.
The freezing wraith hits you. The freezing wraith freezes you!
* * * LOW HITPOINT WARNING * * *
The freezing wraith hits you but does no damage.
You take 9 damage, and have 10/102 hp.
You now have 2/14 mp.
You slash the orc!
You kill the orc!
Makhleb accepts your kill.
You feel better.
You completely miss the freezing wraith.
* * * LOW HITPOINT WARNING * * *
You feel sick.
Your orange demon closely misses the freezing wraith.
Your orange demon barely misses the freezing wraith.
* * * LOW HITPOINT WARNING * * *
You feel sick. The freezing wraith hits you.
* * * LOW HITPOINT WARNING * * *
The freezing wraith freezes you!
You die...

#.......[u) ##.###.###)
##########.###.###.
###..............o...
...########.#...###.
#..########W##### #.
#..##......#.....##.
...####.)#...####.####.##.
.........@.......... ..
...#####W#...####.### ..
#####4#..## .# #....4#.##
.. #.#####.# ## #.# ..#
###


You could see a freezing wraith, a friendly orange demon and a friendly
hellwing.

Vanquished Creatures
  Pikel (D:7)
  An ugly thing (D:10)
  Joseph (D:8)
  A yaktaur (D:10)
  A queen bee (D:9)
  2 hippogriffs
  6 yaks (D:10)
  The ghost of sparklingmilk the Chopper, an amateur MiMo (D:3)
  Eustachio (D:5)
  A hungry ghost (D:7)
  A slave (D:7)
  2 sky beasts
  2 black bears
  4 orc warriors
  3 phantoms
  4 ice beasts
  A hornet zombie (D:9)
  3 ogres
  4 centaurs
  A big kobold (Sewer)
  2 bullfrogs
  A water moccasin zombie (D:10)
  4 scorpions
  22 killer bees
  3 wights (D:8)
  A centaur zombie (D:10)
  3 bullfrog zombies
  3 quasits
  2 jellies (D:7)
  8 orc priests
  3 hounds
  A gnoll shaman (D:5)
  4 orc wizards
  Ijyb (D:4)
  An iguana (D:6)
  7 worker ants
  Natasha (thrice) (D:2)
  A killer bee zombie (D:10)
  A hound zombie (D:9)
  A hound skeleton (D:8)
  A worker ant zombie (D:8)
  A howler monkey skeleton (D:4)
  11 adders
  7 gnolls
  3 river rats (Sewer)
  3 shadow imps
  An adder zombie (D:7)
  2 adder skeletons
  5 worms
  2 dart slugs (D:1)
  10 leopard geckos
  40 orcs
  7 bats
  6 giant cockroaches
  6 goblins
  3 hobgoblins (D:1)
  12 jackals
  4 quokkas
  4 ball pythons
  3 frilled lizards
  A jackal skeleton (D:5)
  A jackal zombie (D:6)
  12 kobolds
  A leopard gecko skeleton (D:6)
  A quokka zombie (D:9)
  21 rats
  A plant (D:5)
282 creatures vanquished.

Vanquished Creatures (collateral kills)
  A two-headed ogre (D:8)
  A crimson imp (D:8)
2 creatures vanquished.

Vanquished Creatures (others)
  A slave (D:7)
1 creature vanquished.

Grand Total: 285 creatures vanquished

Notes
Turn   | Place    | Note
-------+----------+-------------------------------------------
     0 | D:1      | Firecrotchwizard the Minotaur Gladiator began the quest for the Orb.
     0 | D:1      | Reached XP level 1. HP: 18/18 MP: 0/0
    98 | D:1      | Reached skill level 4 in Axes
   124 | D:1      | Reached XP level 2. HP: 21/25 MP: 1/1
   359 | D:1      | Reached skill level 3 in Fighting
   563 | D:1      | Reached XP level 3. HP: 31/31 MP: 2/2
   805 | D:2      | Noticed Natasha
   811 | D:2      | Killed Natasha
   811 | D:2      | Reached skill level 5 in Axes
   812 | D:2      | Noticed Natasha
   818 | D:2      | Killed Natasha
   818 | D:2      | Reached XP level 4. HP: 22/39 MP: 3/3
   864 | D:2      | Noticed Natasha
   866 | D:2      | Killed Natasha
  1019 | D:2      | Reached skill level 4 in Fighting
  1019 | D:2      | Reached skill level 6 in Axes
  1292 | D:2      | Reached XP level 5. HP: 42/46 MP: 4/4
  1826 | D:2      | Found a runed door.
  1982 | D:3      | Noticed sparklingmilk's ghost (amateur MiMo)
  2030 | D:3      | Killed sparklingmilk's ghost
  2030 | D:3      | Reached skill level 5 in Fighting
  2030 | D:3      | Reached skill level 7 in Axes
  2030 | D:3      | Reached XP level 6. HP: 32/56 MP: 5/5
  3043 | D:4      | Found a stormy altar of Qazlal.
  3065 | D:4      | Noticed Ijyb
  3075 | D:4      | Reached skill level 8 in Axes
  3077 | D:4      | Killed Ijyb
  3089 | D:4      | Noticed Sigmund
  3565 | D:4      | Found a staircase to the Ecumenical Temple.
  3568 | D:4      | Reached XP level 7. HP: 61/61 MP: 6/6
  3579 | Temple   | Entered the Ecumenical Temple
  3610 | Temple   | Became a worshipper of Makhleb the Destroyer
  3741 | D:4      | Found a sand-covered staircase.
  4086 | D:5      | Entered Level 5 of the Dungeon
  4099 | D:5      | Noticed Eustachio
  4155 | D:5      | Reached skill level 6 in Fighting
  4185 | D:5      | Killed Eustachio
  4185 | D:5      | Reached skill level 9 in Axes
  4423 | D:5      | Reached * piety under Makhleb
  4544 | D:5      | Found a glowing drain.
  4548 | Sewer    | Entered a sewer
  4559 | Sewer    | Reached XP level 8. HP: 53/71 MP: 7/7
  4771 | Sewer    | Reached skill level 10 in Axes
  4791 | Sewer    | Found a white marble altar of Elyvilon.
  4940 | D:5      | Reached skill level 7 in Fighting
  5066 | D:5      | Found a large runed door.
  5066 | D:5      | Found a large runed door.
  5131 | D:5      | Found a large runed door.
  5131 | D:5      | Found a large runed door.
  5344 | D:5      | Identified the Collected Works on Changing and Augmentations
  5534 | D:6      | HP: 18/74 [orc warrior/dire flail (14)]
  5546 | D:6      | HP: 16/74 [orc warrior/dire flail (4)]
  5552 | D:5      | Reached skill level 11 in Axes
  5809 | D:6      | Reached ** piety under Makhleb
  5819 | D:6      | Reached skill level 8 in Fighting
  5936 | D:6      | Found a shadowy altar of Dithmenos.
  6136 | D:6      | Found a hazy altar of Hepliaklqana.
  6415 | D:7      | Reached skill level 1 in Invocations
  6415 | D:7      | Reached XP level 9. HP: 80/82 MP: 8/8
  6448 | D:7      | Noticed Pikel
  6475 | D:7      | Killed Pikel
  6475 | D:7      | Reached skill level 12 in Axes
  6475 | D:7      | Reached skill level 2 in Invocations
  6591 | D:7      | Reached skill level 9 in Fighting
  6657 | D:7      | Reached skill level 3 in Invocations
  6960 | D:7      | Found a sparkling altar of Nemelex Xobeh.
  7383 | D:8      | Reached *** piety under Makhleb
  7388 | D:8      | Reached skill level 13 in Axes
  7428 | D:8      | Found a blossoming altar of Fedhas.
  7611 | D:8      | Reached skill level 4 in Invocations
  7801 | D:8      | Noticed a two-headed ogre
  7813 | D:8      | HP: 4/85 [two-headed ogre/giant club (26)]
  7814 | D:8      | Killed a two-headed ogre
  7814 | D:8      | Reached XP level 10. HP: 5/93 MP: 12/12
  7824 | D:8      | HP: 3/93 [centaur/arrow (4)]
  7829 | D:8      | Reached skill level 10 in Fighting
  8554 | D:8      | Noticed Joseph
  8564 | D:8      | Killed Joseph
  8564 | D:8      | Reached skill level 14 in Axes
  8564 | D:8      | Reached skill level 5 in Invocations
  9203 | D:9      | Found a shimmering altar of Xom.
  9385 | D:9      | Reached **** piety under Makhleb
  9659 | D:9      | Found an ornate altar of the Wu Jian Council.
  9719 | D:9      | Found a stormy altar of Qazlal.
  9832 | D:9      | Found a bloodstained altar of Trog.
  9833 | D:9      | Found a glowing silver altar of Zin.
  9996 | D:10     | Entered Level 10 of the Dungeon
 10048 | D:10     | Reached skill level 6 in Invocations
 10078 | D:10     | Reached skill level 11 in Fighting
 10082 | D:10     | Reached XP level 11. HP: 59/102 MP: 6/14
 10083 | D:10     | Reached skill level 15 in Axes
 10210 | D:10     | Noticed a green ugly thing
 10253 | D:10     | Killed a green ugly thing
 10261 | D:10     | HP: 20/102 [freezing wraith (11)]
 10265 | D:10     | HP: 8/102 [poisoned by a green ugly thing]
 10265 | D:10     | Slain by a freezing wraith

Vault maps used:
D:1:      dpeg_arrival_tiny_g, minmay_rat_gold_closets
D:2:      cheibrodos_pilgrimage, first_ration, minmay_tromino_i2, uniq_natasha,
          uniq_crazy_yiuf_cottage
D:3:      st_stairs_10, serial_park_tiny_1
D:4:      lemuel_crystal_altar, minmay_temple_entry_large_hall,
          nicolae_ossuary_entry_monument, uniq_ijyb, uniq_sigmund
D:5:      gup_sewer_entry_spiral, serial_bayou, serial_bayou_pond_b,
          serial_bayou_shore_a, serial_bayou_ford_a, serial_bayou_pond_e,
          minmay_hollow_rounded_squares, uniq_eustachio
D:6:      marbit_many_paths, nicolae_dithmenos_shadow_blocks
D:7:      nicolae_overflow_hidden_temple, uniq_pikel
D:8:      wad_guarded_room, lemuel_crystal_altar, uniq_joseph
D:9:      gammafunk_temple_overflow_statue, lemuel_doored_altar, basic_altar,
          david_nohive_1, grunt_qazlal_sundering
D:10:     minmay_cut_squares, erik_lair_dragon, hiddenorc1_lemuel,
          minmay_item_behind_shaft
Temple:   eino_wide_crystal_templ
Sewer:    sewer_kobolds

Skill      XL: |  1  2  3  4  5  6  7  8  9 10 11 |
---------------+----------------------------------+-----
Axes           | 4 5 6 7 8 9 11 13 14 15 | 15.1
Fighting       | 3 4 5 6 8 9 11 | 11.2
Invocations    | 1 4 6 |  6.4
Throwing       | |  2.0
Dodging        | |  3.2

Action                   |  1- 3 |  4- 6 |  7- 9 | 10-12 || total
-------------------------+-------+-------+-------+-------++-------
Melee: War axe           |    49 |   103 |   367 |   231 ||   750
       Headbutt          |     6 |    14 |    55 |    55 ||   130
Invok: Lesser Servant of |       |       |     3 |     2 ||     5
  Use: Scroll            |       |       |    16 |     3 ||    19
       Potion            |       |       |     1 |       ||     1
 Stab: Sleeping          |     1 |       |       |       ||     1
  Eat: Chunk             |       |     8 |    12 |     8 ||    28
       Ration            |       |       |     1 |       ||     1
Armor: Leather armour    |     5 |       |       |       ||     5
       Ring mail         |     9 |    29 |       |       ||    38
       Chain mail        |       |     8 |    93 |       ||   101
       Plate armour      |       |       |    63 |    82 ||   145
Dodge: Dodged            |    28 |    67 |   207 |   152 ||   454

Table legend:
 A = Spawn XP
 B = Non-spawn XP
 C = Spawn XP percentage of total XP
 D = Spawn monster count
 E = Non-spawn monster count
 F = Spawn count percentage of total count
 G = Total turns spent on level
                    A         B        C        D         E        F      G
               +---------+---------+-------+---------+---------+-------+---------
         Total |       0 |   12303 |   0.0 |       0 |     282 |   0.0 | 10265
               +---------+---------+-------+---------+---------+-------+---------
           D:1 |       0 |      43 |   0.0 |       0 |      29 |   0.0 |   782
           D:2 |       0 |     219 |   0.0 |       0 |      24 |   0.0 |  1234
           D:3 |       0 |     312 |   0.0 |       0 |      25 |   0.0 |  1537
           D:4 |       0 |     341 |   0.0 |       0 |      15 |   0.0 |   478
           D:5 |       0 |    1100 |   0.0 |       0 |      39 |   0.0 |  1393
           D:6 |       0 |     394 |   0.0 |       0 |      18 |   0.0 |   527
           D:7 |       0 |    2045 |   0.0 |       0 |      23 |   0.0 |  1012
           D:8 |       0 |    3094 |   0.0 |       0 |      42 |   0.0 |  1793
           D:9 |       0 |    1908 |   0.0 |       0 |      32 |   0.0 |   895
          D:10 |       0 |    2697 |   0.0 |       0 |      22 |   0.0 |   269
         Sewer |       0 |     150 |   0.0 |       0 |      13 |   0.0 |   290
               +---------+---------+-------+---------+---------+-------+---------

Vault maps used:
D:1:      dpeg_arrival_tiny_g, minmay_rat_gold_closets
D:2:      cheibrodos_pilgrimage, first_ration, minmay_tromino_i2, uniq_natasha,
          uniq_crazy_yiuf_cottage
D:3:      st_stairs_10, serial_park_tiny_1
D:4:      lemuel_crystal_altar, minmay_temple_entry_large_hall,
          nicolae_ossuary_entry_monument, uniq_ijyb, uniq_sigmund
D:5:      gup_sewer_entry_spiral, serial_bayou, serial_bayou_pond_b,
          serial_bayou_shore_a, serial_bayou_ford_a, serial_bayou_pond_e,
          minmay_hollow_rounded_squares, uniq_eustachio
D:6:      marbit_many_paths, nicolae_dithmenos_shadow_blocks
D:7:      nicolae_overflow_hidden_temple, uniq_pikel
D:8:      wad_guarded_room, lemuel_crystal_altar, uniq_joseph
D:9:      gammafunk_temple_overflow_statue, lemuel_doored_altar, basic_altar,
          david_nohive_1, grunt_qazlal_sundering
D:10:     minmay_cut_squares, erik_lair_dragon, hiddenorc1_lemuel,
          minmay_item_behind_shaft
Temple:   eino_wide_crystal_templ
Sewer:    sewer_kobolds

Table legend:
 A = Turns spent in this place as a percentage of turns spent in the entire game.
 B = Non-inter-level travel turns spent in this place as a percentage of non-inter-level travel turns spent in the entire game.
 C = Inter-level travel turns spent in this place as a percentage of turns spent in this place.
 D = Turns resting spent in this place as a percentage of non-inter-level travel turns spent in this place.
 E = Turns spent auto-exploring this place as a percentage of non-inter-level travel turns spent in this place.
 F = Non-inter-level travel turns spent in this place divided by the number of levels of this place that you've seen.
                   A       B       C       D       E      F
               +-------+-------+-------+-------+-------+----------------------
         Total | 100.0 | 100.0 |   5.3 |  29.5 |  51.5 | 810.2
       Dungeon |  96.6 |  96.7 |   5.2 |  29.1 |  51.8 | 940.0
        Temple |   0.5 |   0.3 |  41.8 |   0.0 |  84.4 |  32.0
         Sewer |   2.8 |   3.0 |   0.0 |  45.5 |  35.9 | 290.0
               +-------+-------+-------+-------+-------+----------------------

Table legend:
 A = Kills in this place as a percentage of kills in entire the game.
 B = Kills by you in this place as a percentage of kills by you in the entire game.
 C = Kills by friends in this place as a percentage of kills by friends in the entire game.
 D = Other kills in this place as a percentage of other kills in the entire game.
 E = Experience gained in this place as a percentage of experience gained in the entire game.
 F = Experience gained in this place divided by the number of levels of this place that you have seen.
                   A       B       C       D       E      F
               +-------+-------+-------+-------+-------+----------------------
         Total | 100.0 | 100.0 | 100.0 |   N/A | 100.0 | 1025.2
       Dungeon |  95.4 |  95.4 | 100.0 |   N/A |  98.8 | 1215.3
         Sewer |   4.6 |   4.6 |   0.0 |   N/A |   1.2 | 150.0
               +-------+-------+-------+-------+-------+----------------------
